 Dungeon Crawl Stone Soup version 0.29-a0-717-g6dac4ea423 (webtiles) character file.

Game seed: 7723261896005185489

38336 blackman the Spear-Bearer (level 14, -26/110 HPs)
             Began as a Human Delver on June 26, 2022.
             Was a High Priest of the Shining One.
             Annihilated by Rupert
             ... wielding a +4 great mace of protection
              (28 damage)
             ... on level 3 of the Lair of Beasts.
             The game lasted 01:00:40 (16548 turns).

blackman the Spear-Bearer (Human Delver)           Turns: 16548, Time: 01:00:40

Health: -26/110    AC: 16    Str: 17    XL:     14   Next: 33%
Magic:  22/22      EV: 16    Int: 11    God:    the Shining One [*****.]
Gold:   1922       SH:  5    Dex: 27    Spells: 13/13 levels left

rFire   + . .      SeeInvis .   c - +10 morningstar "Eos" {elec, Halo rElec}
rCold   . . .      Faith    .   J - +0 buckler
rNeg    + + .      Spirit   .   m - +3 ring mail of the Unbroken {rF+}
rPois   .          Reflect  .   R - +2 helmet
rElec   +          Harm     .   y - +0 cloak
rCorr   .          Rampage  .   M - +0 pair of gloves
Will    +....                   P - +0 pair of boots
Stlth   +.........              D - amulet of regeneration
HPRegen 1.08/turn               B - +6 ring of dexterity
MPRegen 0.18/turn               e - +6 ring of dexterity

@: lethally poisoned (-26 -> -40), glowing
A: no striking features
a: Renounce Religion, Divine Shield, Cleansing Flame, Summon Divine Warrior


You were on level 3 of the Lair of Beasts.
You worshipped the Shining One.
The Shining One was extremely pleased with you.
You visited 2 branches of the dungeon, and saw 16 of its levels.
You also visited: Bailey.

You collected 1922 gold pieces.

Inventory:

Hand Weapons
 a - a +0 halberd
 c - the +10 morningstar "Eos" (weapon) {elec, Halo rElec}
   (You found it on level 12 of the Dungeon)

   It occasionally discharges a powerful burst of electricity upon striking a
   foe.
   It grants its wielder a halo, increasing accuracy against those within it.
   rElec:     It insulates you from electricity.
 z - a +0 trident
Missiles
 b - 17 boomerangs
 f - 37 poisoned darts
 C - 139 stones (quivered)
 K - 4 curare-tipped darts
 L - 8 datura-tipped darts
Armour
 m - the +3 ring mail of the Unbroken (worn) {rF+}
   (You found it on level 4 of the Dungeon)

   rF:        It protects you from fire.
 y - a +0 cloak (worn)
 J - a +0 buckler (worn)
 M - a +0 pair of gloves (worn)
 P - a +0 pair of boots (worn)
 R - a +2 helmet (worn)
Jewellery
 e - a +6 ring of dexterity (right hand)
 v - a ring of positive energy
 B - a +6 ring of dexterity (left hand)
 D - an amulet of regeneration (around neck)
 S - an amulet of magic regeneration
 T - a ring of protection from fire
 X - an amulet of the acrobat
Wands
 g - a wand of digging (8)
 i - a wand of polymorph (19)
 q - a wand of iceblast (4)
 G - a wand of flame (33)
 H - a wand of charming (7)
 Q - a wand of acid (5)
 Z - a wand of mindburst (3)
Scrolls
 l - 4 scrolls of amnesia
 o - 3 scrolls of immolation
 r - 5 scrolls of teleportation
 u - a scroll of torment
 w - 2 scrolls of magic mapping
 A - 4 scrolls of enchant weapon
 F - 2 scrolls of noise
 W - a scroll of brand weapon
 Y - 2 scrolls of identify
Potions
 d - 4 potions of brilliance {unknown}
 h - 3 potions of attraction {unknown}
 j - 2 potions of curing
 k - 3 potions of cancellation
 n - a potion of magic
 p - 2 potions of mutation {unknown}
 s - 3 potions of might
 t - 2 potions of flight
 E - 2 potions of haste
 U - 2 potions of degeneration {unknown}
Miscellaneous
 N - a phial of floods (inert)


   Skills:
 * Level 10.2 Fighting
 - Level 12.3 Maces & Flails
 - Level 12.4 Polearms
 * Level 5.7 Armour
 - Level 7.0 Dodging
 - Level 5.0 Stealth
 - Level 11.0 Invocations


You had 13 spell levels left.
You didn't know any spells.
Your spell library contained the following spells:

 Spells                   Type           Power      Damage    Failure   Level
 Shock                    Conj/Air       0%         1d3       63%         1
 Static Discharge         Conj/Air       0%         N/A       77%         2
 Confusing Touch          Hex            0%         N/A       94%         3
 Gell's Gravitas          Tloc           0%         N/A       94%         3
 Lesser Beckoning         Tloc           0%         N/A       94%         3
 Portal Projectile        Hex/Tloc       0%         N/A       94%         3
 Swiftness                Air            0%         N/A       94%         3
 Teleport Other           Tloc           0%         N/A       94%         3
 Tukima's Dance           Hex            0%         N/A       94%         3
 Airstrike                Air            0%         N/A       100%        4
 Hailstorm                Conj/Ice       0%         3d3       100%        4
 Ice Form                 Ice/Tmut       0%         N/A       100%        4
 Passage of Golubria      Tloc           0%         N/A       100%        4
 Summon Ice Beast         Ice/Summ       0%         N/A       100%        4
 Blade Hands              Tmut           0%         N/A       100%        5
 Lightning Bolt           Conj/Air       0%         1d11      100%        5
 Summon Mana Viper        Hex/Summ       0%         N/A       100%        5
 Yara's Violent Unravell  Hex/Tmut       0%         3d3       100%        5
 Simulacrum               Ice/Necr       0%         N/A       100%        6
 Enfeeble                 Hex            0%         N/A       100%        7
 Monstrous Menagerie      Summ           0%         N/A       100%        7
 Maxwell's Capacitive Co  Air            0%         ∞         100%        8


Dungeon Overview and Level Annotations

Branches:
Dungeon (13/15)            Temple (0/1) D:7            Lair (4/6) D:8
    Orc (0/2) D:9          Bailey (visited)
  Swamp: Lair:2-4    Shoals: Lair:2-4     Snake: Lair:2-4    Spider: Lair:2-4
 Vaults: D:13-14

Altars:
Ashenzari
Cheibriados
Fedhas
Nemelex Xobeh
Ru
Trog
Yredelemnul
Zin
The Shining One

Shops:
D:9 :

Portals:
Trove: D:11 (give 11 potions of heal wounds)

Annotations:
D:3 2 transporters, vulpzor's ghost, weakling MiFi
D:5 4 runed translucent doors
D:6 1 transporter, DocClef's ghost, weakling DrDe
D:11 1 runed translucent door, DocClef's ghost, journeyman GnFi
Lair:3 Rupert


Message History

The Shining One protects you from harm! You block the bullfrog's attack.
Rupert is engulfed in poison gas.
Rupert looks as sick as possible!
You block the bullfrog's attack.
You feel much better.
You are engulfed in poison gas.
You are more poisoned.
* * * LOW HITPOINT WARNING * * *
x2 You feel extremely sick.
Rupert barely misses you.
The bullfrog hits you but does no damage.
Rupert misses you.
You feel better.
You are engulfed in poison gas.
You are poisoned.
* * * LOW HITPOINT WARNING * * *
You feel very sick. The bullfrog closely misses you. Rupert barely misses you.
You block the bullfrog's attack.
You feel better.
You are engulfed in poison gas.
You are poisoned.
* * * LOW HITPOINT WARNING * * *
You feel very sick. Rupert barely misses you.
The bullfrog hits you but does no damage.
You block Rupert's attack.
Unknown command.
You barely miss Rupert.
Rupert is almost dead.
You are engulfed in poison gas.
You are more poisoned.
* * * LOW HITPOINT WARNING * * *
You feel very sick. You block the bullfrog's attack. Rupert closely misses you.
The bullfrog barely misses you.
You hit Rupert but do no damage.
Rupert is almost dead.
You are engulfed in poison gas.
You are lethally poisoned!
* * * LOW HITPOINT WARNING * * *
x2 You feel very sick.
Rupert hits you with a +4 great mace of protection!!
You die...

..##............................#
...#......#...##.☼°○P#......##...
..###....########○§○☼.......#....
..###.....# #####§§☼##°..#..##..#
..##.....○###○##°§○☼§°§###...#...
###.#....☼§§☼○§§○○§°☼☼☼.........#
.####≈...§°☼○○§☼°☼§°§§§.........#
....≈≈...§°°§°°○§☼§°§°°.........#
....≈(..(°.§°°§@@§°§☼○☼.....<....
...^.(...§§○☼☼°F§§☼°°§☼..........
.#.......☼○§☼○○§§☼§☼§°§...P.....#
.#.##....#○§####§§☼☼#°§#.#...#...
...##...###.# ###§§○§####.#####.#
........##..P##P.§§°°###.##.###..
...#.....#..P.##.☼§§§P.......##.#
....#...+...P.###§§☼§§°.....###.#
...##...#.#...##..=.#.##..### #..


You could see Rupert (berserk, extremely poisoned) and a bullfrog.

Vanquished Creatures
  2 hydras
  2 boulder beetles
  2 centaur warriors
  2 two-headed ogres
  5 death yaks
  Pikel (D:7)
  3 cyclopes
  2 manticores
  An oklob plant (Lair:2)
  A torpor snail (Lair:3)
  2 gargoyles (D:12)
  3 black mambas
  Maggie (Lair:1)
  7 cane toads
  An unseen horror (D:11)
  A kobold demonologist (D:8)
  A rime drake (Lair:3)
  6 komodo dragons
  6 trolls
  2 polar bears
  10 blink frogs
  5 slime creatures
  Sigmund (D:4)
  4 shadows
  3 wraiths
  A wyvern (D:7)
  37 yaks
  3 basilisks
  5 steam dragons
  4 vampire mosquitoes (D:11)
  Edmund (D:4)
  2 wargs
  2 acid dragons
  6 water moccasins
  10 orc warriors
  3 black bears
  2 ice beasts (D:6)
  An ogre (D:5)
  24 wolves
  10 centaurs
  A phantom (D:7)
  7 kobold brigands
  9 bullfrogs
  2 gnoll sergeants
  A scorpion (D:5)
  3 necrophages
  8 wights
  5 killer bees (D:7)
  2 howler monkeys
  An electric eel (Lair:3)
  9 hounds
  3 orc priests
  A gnoll shaman (D:9)
  3 jellies
  2 iguanas
  7 orc wizards
  Robin (D:4)
  19 gnolls
  11 adders
  A shadow imp (D:4)
  2 white imps
  A dart slug (D:3)
  35 orcs
  2 ball pythons
  7 bats
  2 endoplasms
  5 giant cockroaches
  15 goblins
  13 hobgoblins
  3 quokkas
  3 frilled lizards
  21 kobolds
  7 rats
397 creatures vanquished.

Vanquished Creatures (collateral kills)
  A kobold brigand (Bailey)
  2 orcs (D:10)
3 creatures vanquished.

Vanquished Creatures (others)
  A cyclops (D:12)
  2 orcs (D:10)
  A kobold (Bailey)
  48 fungi
  82 plants
  16 toadstools (Lair:2)
150 creatures vanquished.

Grand Total: 550 creatures vanquished

Notes
Turn   | Place    | Note
-------+----------+-------------------------------------------
     0 | D:5      | blackman the Human Delver began the quest for the Orb.
     0 | D:5      | Reached XP level 1. HP: 18/18 MP: 1/1
    13 | D:5      | Noticed an orc wizard
    24 | D:5      | Noticed a scorpion
    27 | D:5      | Noticed an ogre
    48 | D:4      | Noticed Edmund
    87 | D:4      | Noticed a jelly
    88 | D:4      | Noticed a hound
   129 | D:4      | Found a broken altar of Ashenzari.
   130 | D:4      | Found a basalt altar of Yredelemnul.
   295 | D:4      | Found a glowing golden altar of the Shining One.
   327 | D:4      | Became a worshipper of the Shining One
   353 | D:4      | Identified the +3 ring mail of the Unbroken {rF+}
   407 | D:3      | Found a snail-covered altar of Cheibriados.
   414 | D:3      | Reached XP level 2. HP: 24/24 MP: 2/2
   542 | D:2      | Reached XP level 3. HP: 24/29 MP: 3/3
   675 | D:2      | Found a faded altar of an unknown god.
  1233 | D:3      | Reached XP level 4. HP: 35/35 MP: 4/4
  1251 | D:3      | Found a blossoming altar of Fedhas.
  1537 | D:3      | Reached XP level 5. HP: 30/41 MP: 5/5
  1629 | D:3      | Noticed vulpzor's ghost (weakling MiFi)
  1631 | D:3      | Found a transporter.
  1631 | D:3      | Reached * piety under the Shining One
  1659 | D:3      | Found a transporter.
  2095 | D:3      | Reached skill level 5 in Polearms
  2591 | D:4      | Noticed Sigmund
  2644 | D:4      | Killed Sigmund
  2645 | D:4      | Reached XP level 6. HP: 31/47 MP: 6/6
  2778 | D:4      | Noticed Robin
  2813 | D:4      | Killed Robin
  3025 | D:4      | Killed Edmund
  3026 | D:4      | Reached XP level 7. HP: 27/52 MP: 7/7
  3383 | D:5      | Found a large runed translucent door.
  3879 | D:5      | Reached XP level 8. HP: 56/58 MP: 8/8
  4164 | D:5      | Found a large runed translucent door.
  4165 | D:5      | Found a large runed translucent door.
  4166 | D:5      | Noticed a troll
  4170 | D:5      | Found a large runed translucent door.
  4389 | D:5      | Noticed a two-headed ogre
  4417 | D:5      | Killed a two-headed ogre
  4418 | D:5      | Reached XP level 9. HP: 63/63 MP: 9/9
  4542 | D:5      | Reached ** piety under the Shining One
  4644 | D:5      | Identified the +7 long sword of Extremism {vorpal, rElec
                  | Str+3 Int-4}
  5071 | D:6      | Found a glowing silver altar of Zin.
  5136 | D:6      | Found a transporter.
  5136 | D:6      | Noticed DocClef's ghost (weakling DrDe)
  5332 | D:6      | Reached skill level 1 in Armour
  5490 | D:7      | Found a staircase to the Ecumenical Temple.
  5529 | D:6      | Reached XP level 10. HP: 68/71 MP: 10/10
  5766 | D:7      | Found a sparkling altar of Nemelex Xobeh.
  5774 | D:7      | Reached skill level 5 in Fighting
  5981 | D:7      | Noticed Pikel
  5990 | D:7      | Killed Pikel
  5991 | D:7      | Reached skill level 5 in Armour
  6082 | D:7      | Reached *** piety under the Shining One
  6268 | D:8      | Noticed a kobold demonologist
  6272 | D:8      | Noticed a rust devil
  6280 | D:8      | Noticed a sixfirhy
  6285 | D:8      | Killed a kobold demonologist
  6854 | D:8      | Found a bloodstained altar of Trog.
  6866 | D:8      | Found a staircase to the Lair.
  7092 | D:9      | Found a flagged portal.
  7101 | Bailey   | Entered a bailey
  7371 | Bailey   | Reached XP level 11. HP: 55/84 MP: 11/11
  7403 | Bailey   | Found an iron altar of Okawaru.
  7692 | D:9      | Noticed a two-headed ogre
  7703 | D:9      | Killed a two-headed ogre
  7704 | D:9      | Reached skill level 5 in Dodging
  7866 | D:9      | Found Datir's Book Emporium.
  7983 | D:9      | Found a staircase to the Orcish Mines.
  8536 | D:10     | Entered Level 10 of the Dungeon
  8569 | D:10     | Reached **** piety under the Shining One
  8649 | D:10     | Found a sacrificial altar of Ru.
  8963 | D:10     | Reached skill level 10 in Fighting
  9256 | D:11     | Reached skill level 1 in Invocations
  9300 | D:11     | You fall into a shaft and drop 1 floor!
  9489 | D:11     | Found a runed translucent door.
  9489 | D:11     | Noticed DocClef's ghost (journeyman GnFi)
  9551 | D:11     | Noticed a manticore
  9599 | D:11     | Killed a manticore
  9600 | D:11     | Reached XP level 12. HP: 62/97 MP: 13/15
  9679 | D:11     | Reached skill level 5 in Invocations
 10064 | D:11     | Found a portal to a secret trove of treasure.
 10381 | D:12     | Noticed a centaur warrior
 10395 | D:12     | Noticed a boulder beetle
 10422 | D:12     | Killed a centaur warrior
 10953 | D:12     | Found the +10 morningstar "Eos" {elec, Halo rElec}
 11118 | D:12     | Reached skill level 1 in Maces & Flails
 11220 | D:12     | Noticed an eight-headed hydra
 11510 | D:12     | Killed a boulder beetle
 11688 | D:12     | Reached skill level 5 in Maces & Flails
 11963 | D:13     | Noticed a centaur warrior
 11982 | D:13     | Killed a centaur warrior
 12053 | D:13     | Noticed a six-headed hydra
 12854 | Lair:1   | Entered Level 1 of the Lair of Beasts
 12862 | Lair:1   | Reached XP level 13. HP: 73/103 MP: 19/19
 12951 | Lair:1   | Noticed Maggie
 12958 | Lair:1   | Killed Maggie
 13304 | Lair:1   | Noticed a seven-headed hydra
 13310 | Lair:1   | Killed a seven-headed hydra
 13813 | Lair:2   | Reached skill level 10 in Maces & Flails
 14211 | Lair:2   | Reached ***** piety under the Shining One
 14312 | Lair:2   | Found a blossoming altar of Fedhas.
 15063 | Lair:3   | Noticed Rupert
 15340 | Lair:3   | Paralysed by Rupert for 5 turns
 15730 | Lair:3   | Reached XP level 14. HP: 88/110 MP: 20/20
 15854 | Lair:4   | Reached skill level 10 in Invocations
 16525 | Lair:3   | Paralysed by Rupert for 4 turns
 16543 | Lair:3   | HP: 2/110 [cloud of poison gas (4)]
 16543 | Lair:3   | The Shining One protects you from harm!
 16548 | Lair:3   | HP: 2/110 [poisoned by you (poison gas)]
 16548 | Lair:3   | Annihilated by Rupert

Illustrated notes

Levels and vault maps discovered:
D:2:      layout_loops_ring, hellmonk_ecumenical_altar_crossroads
D:3:      minmay_chambers_of_twos, layout_basic, lemuel_crystal_altar,
          cheibriados_altar_1, gammafunk_ghost_arena, patterned_corridor
D:4:      layout_layer_cave, mainiacjoe_overflow_concentric_impassable,
          gammafunk_temple_overflow_pools, uniq_edmund, uniq_robin, uniq_sigmund
D:5:      dreamdust_elfheim, layout_rooms, serial_aquarium,
          aquarium_bridge_straight [aquarium_subvault_bridge,
          aquarium_subvault_wall, aquarium_subvault_bridge,
          aquarium_subvault_wall], aquarium_window_1, aquarium_window_3,
          aquarium_window_corner, aquarium_view_2b, aquarium_view_2c,
          minmay_hollow_rounded_squares
D:6:      layout_gridville, zin_treasury, gammafunk_ghost_smash,
          minmay_misc_feat_chi, st_stairs_6
D:7:      layout_basic, nemelex_diamond_rough_becter,
          minmay_temple_entry_large_hall, nicolae_figureground_pulse, uniq_pikel
D:8:      layout_basic, trog_three_pillars_becter, lair_entry_dummy
D:9:      layout_roguey, david_orc_3, serial_shops, shop, enter_bailey_3
D:10:     layout_small_grid, nicolae_ru_awakened_eye
D:11:     layout_irregular_city, nicolae_trove_entry_diagonal,
          hellmonk_ghost_happy_afterlife
D:12:     layout_loops_ring, minmay_checkerbox
D:13:     layout_loops_ring, erik_vaults_2
Lair:1:   beast_lair_carwin_large_2, layout_small_grid, uniq_maggie
Lair:2:   layout_cave_pods, tgw_fedhas
Lair:3:   layout_regular_city, minmay_shattered_shrine, serial_bayou_shore_a,
          uniq_rupert
Lair:4:   layout_loops_ring, minmay_shoals_entry_beasts,
          minmay_snake_entry_guardpost_large, minmay_lair_drake_nest

Skill      XL: |  1  2  3  4  5  6  7  8  9 10 11 12 13 14 |
---------------+-------------------------------------------+-----
Polearms       | 3 4 6 7 8 11 12 | 12.4
Armour         | 2 5 |  5.7
Fighting       | 4 7 10 | 10.2
Dodging        | 4 7 |  7.0
Invocations    | 4 8 9 11 | 11.0
Maces & Flails | 7 12 | 12.3
Stealth        | |  5.0

Action                   |  1- 3 |  4- 6 |  7- 9 | 10-12 | 13-15 || total
-------------------------+-------+-------+-------+-------+-------++-------
Melee: Spear             |    82 |   142 |    58 |       |       ||   282
       Punch             |     1 |       |       |       |       ||     1
       Halberd           |       |       |   165 |   126 |       ||   291
       Trident           |       |       |       |   851 |       ||   851
       Morningstar       |       |       |       |     4 |   357 ||   361
 Fire: Sling             |       |     3 |       |       |       ||     3
Throw: Throwing net      |       |     1 |       |     1 |     1 ||     3
       Dart              |       |       |       |    11 |     9 ||    20
       Boomerang         |       |       |       |     5 |       ||     5
Invok: Divine Shield     |       |       |       |     2 |       ||     2
Evoke: Wand              |     1 |       |     1 |    23 |    17 ||    42
       Phial of floods   |       |       |       |       |     1 ||     1
  Use: Scroll            |     2 |       |     3 |    13 |     9 ||    27
       Potion            |       |       |     1 |     5 |     4 ||    10
 Stab: Sleeping          |     1 |       |       |       |       ||     1
Armor: Ring mail         |    25 |    36 |    56 |   213 |   131 ||   461
       Leather armour    |     1 |       |       |       |       ||     1
Dodge: Dodged            |    39 |    47 |   119 |   553 |   348 ||  1106
Block: Buckler           |       |       |       |   171 |   139 ||   310

Table legend: (Time is in decaauts)
 A = Elapsed time spent in this place.
 B = Non-inter-level travel time spent in this place.
 C = Inter-level travel time spent in this place.
 D = Time resting spent in this place.
 E = Time spent auto-exploring this place.
 F = Levels seen in this place.
 G = Mean time per level.
                   A        B        C        D        E       F      G
               +--------+--------+--------+--------+--------+-----+--------+
         Total |  16324 |  15100 |   1224 |   1756 |   9853 |  17 |  960.2 |
       Dungeon |  12183 |  11101 |   1082 |   1375 |   7203 |  12 | 1015.2 |
          Lair |   3715 |   3573 |    142 |    233 |   2538 |   4 |  928.8 |
        Bailey |    424 |    424 |      0 |    148 |    111 |   1 |  424.0 |
               +--------+--------+--------+--------+--------+-----+--------+

Top non-repeatable levels by time:
    D:12: 2207 daAuts
     D:4: 1683 daAuts
     D:3: 1303 daAuts
     D:5: 1210 daAuts
  Lair:3: 1207 daAuts
  Lair:2: 1175 daAuts
     D:9: 1035 daAuts
    D:11: 963 daAuts
  Lair:1: 961 daAuts
     D:8: 874 daAuts
     D:2: 761 daAuts
    D:10: 697 daAuts
     D:7: 676 daAuts
     D:6: 493 daAuts
  Bailey: 424 daAuts
